 Dungeon Crawl Stone Soup version 0.28.0-62-gf88900778d (webtiles) character file.

Game seed: 13756361571576772698

440 cbfl8 the Chopper (level 7, -4/59 HPs)
             Began as a Hill Orc Fighter on July 7, 2023.
             Slain by a gnoll
             ... wielding a +0 halberd
              (7 damage)
             ... on level 3 of the Dungeon.
             The game lasted 00:04:13 (3871 turns).

cbfl8 the Chopper (Hill Orc Fighter)                Turns: 3871, Time: 00:04:14

Health: -4/59      AC:  7    Str: 17 (19) XL:     7   Next: 2%
Magic:  7/7        EV:  9    Int:  7 (8)  God:
Gold:   172        SH:  0    Dex:  9 (12) Spells: 6/6 levels left

rFire   + . .      SeeInvis .   a - +0 war axe
rCold   . . .      Faith    .   c - +0 buckler
rNeg    . . .      Spirit   .   b - +0 scale mail
rPois   .          Reflect  .   (no helmet)
rElec   .          Harm     .   (no cloak)
rCorr   .          Rampage  .   (no gloves)
Will    .....                   (no boots)
Stlth   ..........              (no amulet)
HPRegen 0.19/turn               j - ring of protection from fire
MPRegen 0.10/turn               (no ring)

@: confused, mighty, very slow
A: no striking features
a: no special abilities


You were on level 3 of the Dungeon.
You visited 1 branch of the dungeon, and saw 4 of its levels.

You collected 172 gold pieces.

Inventory:

Hand Weapons
 a - a +0 war axe (weapon)
Armour
 b - a +0 scale mail (worn)
 c - a +0 buckler (worn)
Jewellery
 j - a ring of protection from fire (left hand)
Scrolls
 f - a scroll of fog {unknown}
 g - a scroll of teleportation
 h - a scroll of enchant armour {unknown}
 k - a scroll of summoning {unknown}
 m - a scroll of brand weapon {unknown}
 n - 2 scrolls of identify {unknown}
 o - a scroll of immolation {unknown}
 p - 3 scrolls of amnesia {unknown}
 q - a scroll of enchant weapon {unknown}
Potions
 i - a potion of magic {unknown}
 l - a potion of flight {unknown}


   Skills:
 + Level 4.2 Fighting
 + Level 5.8 Axes
 * Level 2.5 Throwing
 + Level 4.5 Armour
 + Level 0.6 Dodging
 + Level 3.8 Shields
 * Level 2.2 Evocations


You had 6 spell levels left.
You didn't know any spells.
Your spell library contained the following spells:

 Spells                   Type           Power      Damage    Failure   Level
 Ensorcelled Hibernation  Hex/Ice        0%         N/A       96%         2
 Spider Form              Tmut/Pois      0%         N/A       99%         3
 Anguish                  Hex/Necr       0%         N/A       100%        4


Dungeon Overview and Level Annotations

Branches:
Dungeon (4/15)
 Temple: D:4-7

Altars:

Annotations:
D:3 3 runed translucent doors, cbfl8's ghost, amateur MfBe; cbfl8's ghost, amateur MiBe; cbfl8's ghost, amateur MiFi; gaming's ghost, amateur DsBe


Message History

The gnoll hits you with a +0 spear.
The gnoll splashes around in the water.
The orc wizard mumbles some strange words.
The orc wizard flickers and vanishes!
Deactivating autopickup; reactivate with Ctrl-A.
You hit the gnoll.
The gnoll is severely wounded.
The gnoll hits you with a +0 spear.
You feel very mighty all of a sudden.
The gnoll hits you from afar with a +0 halberd.
The gnoll hits you but does no damage.
Your unstable footing causes you to fumble your attack.
You block the gnoll's attack. The gnoll hits you but does no damage.
The gnoll barely misses you.
You slash the gnoll!
You kill the gnoll!
You hear a splash.
You block the gnoll's attack.
You have reached level 7!
You hit something. Something hits you but does no damage.
The gnoll hits you but does no damage. Something hits you but does no damage.
Your unstable footing causes you to fumble your attack.
You block the gnoll's attack. Something hits you.
You miss something.
The gnoll hits you from afar with a +0 halberd!
* * * LOW HITPOINT WARNING * * *
You hear some strange, mumbled words.
You are confused.
The gnoll barely misses you.
You miss something.
The gnoll hits you from afar with a +0 halberd!
* * * LOW HITPOINT WARNING * * *
You hear some strange, mumbled words.
A puff of flame appears from out of thin air!
The puff of flame hits you. You resist.
* * * LOW HITPOINT WARNING * * *
It was a potion of degeneration.
There was something very wrong with that liquid.
You feel weakened.
You feel dopey.
You feel clumsy.
The gnoll hits you from afar with a +0 halberd!
You die...

≈≈≈≈≈≈≈≈≈≈≈≈≈≈g≈≈≈≈≈≈≈÷≈≈≈≈≈≈≈≈≈≈
≈≈≈≈≈≈≈≈≈≈≈≈≈≈≈≈≈≈≈≈≈≈≈≈≈≈≈≈≈≈≈≈≈
##≈≈≈≈≈g≈o≈≈≈≈≈≈≈≈≈≈≈≈≈≈≈≈≈≈≈≈###
.#..[..)......)...............#..
.#'############################[)
'#.. #...##}}.# #....#'# .#.. ###
#....########....#)# #.
.....#.§§§#.......)...#.# ##
......g{@§........#)'##.#
.......§§.........#.....#
.....#....#.......#.....# ####
############'#####.# ..#...#)# .^
... ..#.#...# o# .... ..#...#'#
.#############''''#############..
.#............................#..


You could see a gnoll.

Vanquished Creatures
  A kobold brigand (D:3)
  A howler monkey (D:3)
  A gnoll shaman (D:3)
  2 hounds (D:3)
  An orc wizard (D:3)
  11 gnolls (D:3)
  An adder (D:2)
  2 worms
  2 dart slugs
  14 orcs (D:3)
  2 endoplasms
  4 giant cockroaches
  3 goblins
  7 hobgoblins
  11 jackals (D:3)
  A kobold (D:2)
  A quokka (D:2)
  9 ball pythons
  2 bats (D:2)
  2 rats
78 creatures vanquished.

Vanquished Creatures (others)
  6 plants (D:3)
6 creatures vanquished.

Grand Total: 84 creatures vanquished

Notes
Turn   | Place    | Note
-------+----------+-------------------------------------------
     0 | D:1      | cbfl8 the Hill Orc Fighter began the quest for the Orb.
     0 | D:1      | Reached XP level 1. HP: 19/19 MP: 1/1
   315 | D:1      | Reached XP level 2. HP: 27/27 MP: 2/2
   917 | D:2      | Reached skill level 3 in Axes
  1256 | D:2      | Reached XP level 3. HP: 23/33 MP: 3/3
  1386 | D:2      | Reached skill level 1 in Throwing
  1775 | D:2      | Reached skill level 1 in Evocations
  1906 | D:3      | Reached XP level 4. HP: 31/40 MP: 4/4
  1910 | D:3      | Reached skill level 4 in Axes
  2542 | D:3      | Found a runed translucent gate.
  2542 | D:3      | Found a runed translucent gate.
  2542 | D:3      | Found a runed translucent gate.
  2545 | D:3      | Noticed cbfl8's ghost (amateur MiBe)
  2545 | D:3      | Noticed cbfl8's ghost (amateur MiFi)
  2546 | D:3      | Noticed gaming's ghost (amateur DsBe)
  2546 | D:3      | Noticed cbfl8's ghost (amateur MfBe)
  2568 | D:3      | You fall into a shaft and drop 1 floor!
  2611 | D:3      | Reached XP level 5. HP: 43/46 MP: 5/5
  2634 | D:3      | Reached skill level 5 in Axes
  2644 | D:3      | Reached XP level 6. HP: 33/52 MP: 6/6
  3866 | D:3      | Reached XP level 7. HP: 24/59 MP: 7/7
  3870 | D:3      | HP: 2/59 [something/puff of flame (6)]
  3871 | D:3      | Slain by a gnoll

Illustrated notes

Levels and vault maps discovered:
D:1:      kennysheep_arrival_seaside, layout_loops_ring
D:2:      layout_loops_cross, minmay_tromino_v2
D:3:      lemuel_castle_with_subvaults [lemuel_castle_interior_carwin_3],
          layout_basic, nicolae_ru_great_annihilating_truth,
          chequers_ecumenical_altar_grove, gammafunk_ghost_cemetery
D:4:      layout_gridville, elyvilon_altar_3

Skill      XL: |  1  2  3  4  5  6 |
---------------+-------------------+-----
Axes           | 3 4 5 |  5.8
Throwing       | 1 2 |  2.5
Evocations     | 1 2 |  2.2
Fighting       | 4 |  4.2
Armour         | 4 |  4.5
Dodging        | |  0.6
Shields        | |  3.8

Action                   |  1- 3 |  4- 6 |  7- 9 || total
-------------------------+-------+-------+-------++-------
Melee: War axe           |    89 |   170 |     4 ||   263
  Use: Potion            |       |     1 |     1 ||     2
       Scroll            |       |     1 |       ||     1
Armor: Scale mail        |    35 |    64 |     3 ||   102
Dodge: Dodged            |    48 |    82 |     1 ||   131
Block: Buckler           |    18 |    36 |     1 ||    55
